 Dungeon Crawl Stone Soup version 0.30-a0-591-g3c58d2bc28 (webtiles) character file.

Game seed: 11954669988521685921

506 Newt the Trooper (level 6, -3/49 HPs)
             Began as a Demonspawn Gladiator on Jan 4, 2023.
             Was a Follower of Qazlal.
             Killed from afar by a steam dragon (14 damage)
             ... with a ball of steam
             ... on level 5 of the Dungeon.
             The game lasted 00:04:16 (4154 turns).

Newt the Trooper (Demonspawn Gladiator)             Turns: 4154, Time: 00:04:17

Health: -3/49      AC:  7    Str: 17    XL:     6   Next: 97%
Magic:  12/12      EV: 18    Int:  9    God:    Qazlal [*.....]
Gold:   282        SH:  1    Dex: 14    Spells: 13/13 levels left

rFire   . . .      SeeInvis .    a - +1 rapier
rCold   . . .      Faith    .    (no shield)
rNeg    . . .      Spirit   .    b - +0 leather armour
rPois   .          Reflect  .    (helmet restricted)
rElec   .          Harm     .    t - +1 cloak
rCorr   .          Rampage  .    m - +1 pair of gloves
Will    .....                    (no boots)
Stlth   ++                       (no amulet)
HPRegen 0.28/turn                l - ring of wizardry
MPRegen 0.13/turn                h - +5 ring of evasion

@: no status effects
A: horns 1, foul stench 1, icemail 1, condensation shield
a: Renounce Religion


You were on level 5 of the Dungeon.
You worshipped Qazlal.
Qazlal was aware of your devotion.
You visited 1 branch of the dungeon, and saw 5 of its levels.

You collected 282 gold pieces.

Inventory:

Hand Weapons
 a - a +1 rapier (weapon)
 i - a +2 quarterstaff of chaos
Missiles
 C - a throwing net (quivered)
 D - a javelin
Armour
 b - a +0 leather armour (worn)
 c - a +0 helmet
 m - a +1 pair of gloves (worn)
 r - a +0 cloak
 t - a +1 cloak (worn)
Jewellery
 h - a +5 ring of evasion (right hand)
 l - a ring of wizardry (left hand)
 v - a ring of protection from cold
Wands
 e - a wand of flame (11)
 s - a wand of mindburst (20)
 y - a wand of roots (8)
 E - a wand of polymorph (6)
Scrolls
 g - a scroll of enchant armour
 j - 3 scrolls of immolation
 k - a scroll of fear
 w - 3 scrolls of vulnerability
 B - a scroll of enchant weapon
Potions
 d - a potion of flight {unknown}
 f - 2 potions of curing
 n - 3 potions of brilliance
 o - a potion of might
 p - 2 potions of heal wounds
 q - a potion of resistance
 u - a potion of mutation {unknown}
 x - a potion of haste {unknown}
 z - a potion of degeneration {unknown}
 A - a potion of attraction {unknown}


   Skills:
 + Level 4.4 Fighting
 - Level 2.6 Short Blades
 - Level 1.7 Throwing
 - Level 4.0 Dodging
 - Level 2.0 Stealth
 - Level 4.0 Spellcasting


You had 13 spell levels left.
You didn't know any spells.
Your spell library contained the following spells:

 Spells                   Type           Power      Damage    Failure   Level
 Blink                    Tloc           2%         N/A       21%         2
 Momentum Strike          Conj/Tloc      2%         3d8       21%         2
 Lesser Beckoning         Tloc           2%         N/A       36%         3
 Summon Forest            Summ/Tloc      0%         N/A       97%         5
 Summon Mana Viper        Hex/Summ       1%         N/A       97%         5
 Summon Cactus Giant      Summ           0%         N/A       100%        6


Dungeon Overview and Level Annotations

Branches:
Dungeon (5/15)
 Temple: D:4-7

Altars:
Qazlal
Trog

Shops:
D:1 [   D:4 =   D:5 !

Annotations:
D:5 2 runed translucent doors


Innate Abilities, Weirdness & Mutations

You have a pair of small horns on your head.
You may rarely emit foul miasma when damaged in melee.
A meltable icy envelope protects you from harm. (AC +0)
A meltable shield of frost defends you. (SH +0)


Message History

You closely miss the steam dragon.
The steam dragon is lightly wounded.
The steam dragon bites you. The steam dragon barely misses you.
The adder is engulfed in a cloud of scalding steam.
The adder closely misses you.
You hit the steam dragon but do no damage.
Your punch misses the steam dragon.
The steam dragon is lightly wounded.
The steam dragon breathes steam at you. The ball of steam misses you.
The adder misses you.
You closely miss the steam dragon. Your headbutt misses the steam dragon.
The steam dragon is lightly wounded.
The adder barely misses you. The steam dragon misses you.
The steam dragon closely misses you. The adder closely misses you.
You closely miss the steam dragon.
The steam dragon is lightly wounded.
The steam dragon closely misses you. The steam dragon claws you.
The adder closely misses you. The steam dragon closely misses you.
The steam dragon barely misses you.
You puncture the adder!
You kill the adder!
Qazlal accepts your kill. The steam dragon bites you!
* * * LOW HITPOINT WARNING * * *
The steam dragon barely misses you.
Throw: 2 throwing nets
Press: ? - help, Q - select action, (/) - cycle Shift-Dir - straight line, f - steam dragon
Aim: a steam dragon (lightly wounded, 60% to hit)
You throw a throwing net. The throwing net hits the steam dragon.
The steam dragon is caught in the net!
The steam dragon is lightly wounded.
The steam dragon struggles against the net.
You hit the steam dragon.
The steam dragon is moderately wounded.
The steam dragon struggles against the net.
You hit the steam dragon.
The steam dragon is moderately wounded.
The steam dragon breathes steam at you. The ball of steam hits you!
You die...

##.#.#...# #.###..#.#
#..#...#.# #
##.#.#....# .#
...###....# .#
###...#...########.##
....................#
#####.#........D....#
......#...8####8@...#
#######...'....'...##
#...8#..#8...#
#.####++####.....
#######.# #..# .....
...<....# #..# ..###
######..# #..# .# ##
#..# .# ....


You could see a steam dragon (caught, catching breath).

Vanquished Creatures
  A phantom (D:5)
  A howler monkey (D:5)
  2 gnoll boudas
  A jelly (D:5)
  Crazy Yiuf (D:4)
  An iguana (D:4)
  Ijyb (D:4)
  Robin (D:4)
  9 gnolls
  5 adders
  2 worms (D:3)
  An orc (D:3)
  5 endoplasms
  3 giant cockroaches
  11 goblins
  8 hobgoblins
  8 jackals
  A quokka (D:2)
  6 ball pythons
  5 bats
  5 frilled lizards
  5 kobolds
  3 rats
86 creatures vanquished.

Notes
Turn   | Place    | Note
-------+----------+-------------------------------------------
     0 | D:1      | Newt the Demonspawn Gladiator began the quest for the Orb.
     0 | D:1      | Reached XP level 1. HP: 16/16 MP: 1/1
   123 | D:1      | Reached skill level 1 in Stealth
   378 | D:1      | Gained mutation: A meltable shield of frost defends you.
                  | (SH +0) [demonic ancestry]
   378 | D:1      | Reached XP level 2. HP: 22/22 MP: 2/2
   567 | D:1      | Found Feinn's Antique Armour Shoppe.
   960 | D:2      | Gained mutation: A meltable icy envelope protects you from
                  | harm. (AC +0) [demonic ancestry]
   960 | D:2      | Reached XP level 3. HP: 28/28 MP: 3/3
  1039 | D:2      | Found a faded altar of an unknown god.
  1431 | D:2      | Reached XP level 4. HP: 34/37 MP: 4/4
  1461 | D:2      | Found a bloodstained altar of Trog.
  1913 | D:3      | Reached skill level 1 in Spellcasting
  1984 | D:3      | Found a stormy altar of Qazlal.
  1994 | D:3      | Became a worshipper of Qazlal Stormbringer
  2254 | D:4      | Noticed Robin
  2257 | D:4      | Found Kiamefok's Jewellery Boutique.
  2290 | D:4      | Killed Robin
  2297 | D:4      | Gained mutation: You have a pair of small horns on your
                  | head. [demonic ancestry]
  2297 | D:4      | Reached XP level 5. HP: 29/42 MP: 6/8
  2374 | D:4      | Noticed Ijyb
  2392 | D:4      | Killed Ijyb
  3384 | D:4      | Found a runed translucent door.
  3385 | D:4      | Noticed Crazy Yiuf
  3440 | D:4      | Killed Crazy Yiuf
  3441 | D:4      | Gained mutation: You may rarely emit foul miasma when
                  | damaged in melee. [demonic ancestry]
  3441 | D:4      | Reached XP level 6. HP: 16/48 MP: 11/11
  3607 | D:5      | Entered Level 5 of the Dungeon
  3894 | D:5      | Found Qusee's Distillery.
  3947 | D:5      | Found a large runed translucent door.
  3947 | D:5      | Found a large runed translucent door.
  4052 | D:5      | Reached * piety under Qazlal
  4136 | D:5      | Noticed a steam dragon
  4154 | D:5      | Killed from afar by a steam dragon

Illustrated notes

Levels and vault maps discovered:
D:1:      dpeg_arrival_water_altar, layout_basic, serial_shops,
          nicolae_shop_competitors_out_of_business
D:2:      layout_loops_ring, hellmonk_ecumenical_altar_arch_garden, basic_altar,
          nicolae_grassy_gnolls
D:3:      layout_rooms, lemuel_crystal_altar, kennysheep_another_room
D:4:      layout_loops_ring, serial_shops, shop, abandoned_shop, uniq_ijyb,
          uniq_crazy_yiuf_cottage, uniq_robin
D:5:      layout_loops_ring, jmf_multi_god_temple2, serial_shops, shop,
          hangedman_decor_growths, water_boxes_lemuel

Skill      XL: |  1  2  3  4  5  6 |
---------------+-------------------+-----
Stealth        | 1 2 |  2.0
Fighting       | 3 4 |  4.4
Spellcasting   | 2 3 4 |  4.0
Dodging        | 4 |  4.0
Short Blades   | |  2.6
Throwing       | |  1.7

Action                   |  1- 3 |  4- 6 || total
-------------------------+-------+-------++-------
Melee: Rapier            |   125 |   278 ||   403
       Punch             |     2 |     2 ||     4
       Headbutt          |       |    33 ||    33
Throw: Throwing net      |       |     5 ||     5
       Javelin           |       |     1 ||     1
  Use: Scroll            |     4 |     8 ||    12
       Potion            |     1 |     2 ||     3
 Stab: Sleeping          |     4 |     5 ||     9
       Held in net/web   |       |     2 ||     2
       Invisible         |       |     2 ||     2
Armor: Leather armour    |    38 |    83 ||   121
Dodge: Dodged            |   103 |   261 ||   364
Block: Other             |    19 |    48 ||    67

Table legend: (Time is in decaauts)
 A = Elapsed time spent in this place.
 B = Non-inter-level travel time spent in this place.
 C = Inter-level travel time spent in this place.
 D = Time resting spent in this place.
 E = Time spent auto-exploring this place.
 F = Levels seen in this place.
 G = Mean time per level.
                   A        B        C        D        E       F      G
               +--------+--------+--------+--------+--------+-----+--------+
         Total |   4184 |   3976 |    208 |    548 |   2632 |   5 |  836.8 |
       Dungeon |   4184 |   3976 |    208 |    548 |   2632 |   5 |  836.8 |
               +--------+--------+--------+--------+--------+-----+--------+

Top non-repeatable levels by time:
     D:4: 1414 daAuts
     D:1: 874 daAuts
     D:2: 813 daAuts
     D:5: 551 daAuts
     D:3: 530 daAuts
